 Dungeon Crawl Stone Soup version 0.15-a0-2193-g309c75d (console) character file.

1010 DeepestElf the Chiller (level 8, -2/41 HPs)
             Began as a Deep Elf Ice Elementalist on July 22, 2014.
             Was a Priest of Vehumet.
             Slain by a spiny frog (12 damage)
             ... on Level 8 of the Dungeon.
             The game lasted 00:21:38 (2819 turns).

DeepestElf the Chiller (Deep Elf Ice Elementalist)  Turns: 2819, Time: 00:21:38

HP  -2/41        AC 12     Str  5      XL: 8   Next:  1%
MP   4/22        EV  8     Int 23      God: Vehumet [***...]
Gold 277         SH  0     Dex 15      Spells:  4 memorised,  5 levels left

rFire  . . .     SeeInvis .     y - +1 cutlass (drain)
rCold  + . .     Clarity  .     r - +4 ring mail of Makhleb's Condemnation {rC+ Stlth+}
rNeg   . . .     rCorr    .     (no shield)
rPois  .         rRot     .     F - +0 helmet
rElec  .         Spirit   .     E - +0 cloak (curse)
SustAb .         Warding  .     (no gloves)
rMut   .         Stasis   .     e - +0 pair of boots
Gourm  .                        i - amulet of faith
MR     .....                    (no ring)
                                (no ring)

@: lethally poisoned, very slightly contaminated, not resistant to hostile
enchantments, unstealthy
A: no striking features
a: Renounce Religion


You were on level 8 of the Dungeon.
You worshipped Vehumet.
Vehumet was most pleased with you.
You were hungry.

You visited 2 branches of the dungeon, and saw 9 of its levels.
You also visited: Ossuary.

You collected 277 gold pieces.

Inventory:

Hand weapons
 y - a +1 cutlass of draining (weapon)
Armour
 a - a +0 robe
 e - a +0 pair of boots (worn)
 r - the +4 ring mail of Makhleb's Condemnation (worn) {rC+ Stlth+}
   (You found it on level 5 of the Dungeon)

   It protects you from cold.
   It makes you more stealthy.
 E - a cursed +0 cloak (worn)
 F - a +0 helmet (worn)
Magical devices
 v - a wand of digging (4)
 B - a wand of fireball (0)
Comestibles
 c - 5 bread rations
 f - a slice of pizza
 j - a royal jelly
 m - 2 beef jerkies
 p - 2 meat rations
Scrolls
 d - 7 scrolls of remove curse
 g - 3 scrolls of amnesia {unknown}
 h - 3 scrolls of fear {unknown}
 k - a scroll of enchant weapon {unknown}
 n - 2 scrolls of recharging {unknown}
 o - 2 scrolls of magic mapping {unknown}
 u - a scroll of teleportation {unknown}
 w - a scroll of immolation {unknown}
 x - a scroll of random uselessness {unknown}
 A - a scroll of enchant armour {unknown}
 H - a scroll of torment {unknown}
 K - a scroll of noise {unknown}
Jewellery
 i - an amulet of faith (around neck)
 z - an uncursed amulet of resist corrosion {unknown}
Potions
 l - 2 potions of might
 s - a potion of heal wounds
 G - 2 potions of cancellation
 I - 2 potions of mutation {unknown}
Books
 b - a book of Frost

   Spells                             Type                      Level
   *Freeze                            Ice                          1
   *Throw Frost                       Conjuration/Ice              2
   Ozocubu's Armour                   Charms/Ice                   3
   *Throw Icicle                      Conjuration/Ice              4
   Summon Ice Beast                   Ice/Summoning                4
   Condensation Shield                Ice                          4


   Skills:
 * Level 5.1 Short Blades
 - Level 2.4 Dodging
 - Level 2.4 Stealth
 - Level 4.0 Spellcasting
 + Level 6.0 Conjurations
 + Level 6.1 Ice Magic


You had 5 spell levels left.
You knew the following spells:

 Your Spells              Type           Power        Failure   Level  Hunger
a - Freeze                Ice            ####         1%          1    None
b - Throw Frost           Conj/Ice       ####..       1%          2    #......
c - Throw Icicle          Conj/Ice       ####....     10%         4    ####...
d - Static Discharge      Conj/Air       ###.....     11%         3    ###....


Dungeon Overview and Level Annotations

Branches:
Dungeon (8/15)             Temple (1/1) D:4
   Lair: D:8-11

Altars:
Ashenzari
Cheibriados
Dithmenos
Elyvilon
Kikubaaqudgha
Makhleb
Nemelex Xobeh
Qazlal
Sif Muna
Trog
Vehumet
Xom
Yredelemnul
The Shining One

Annotations:
D:8 Psyche


Message History

Confirm with . or Enter, or press ? or * to list all spells.
Aiming: Freeze
Press: ? - help, Shift-Dir - straight line, f/p - spiny frog
Aim: a spiny frog (lightly wounded)
You freeze the spiny frog.
The spiny frog is moderately wounded.
You feel sick.
The killer bee stings you but does no damage. x2
The spiny frog stings you!
Casting: Freeze
Confirm with . or Enter, or press ? or * to list all spells.
Aiming: Freeze
Press: ? - help, Shift-Dir - straight line, f/p - spiny frog
Aim: a spiny frog (moderately wounded)
You freeze the spiny frog.
The spiny frog seems to slow down.
The spiny frog is moderately wounded.
You feel sick. The killer bee barely misses you. The killer bee stings you.
* * * LOW HITPOINT WARNING * * *
The spiny frog stings you!
You die...

... .. .. . # ..
.#####.# #. ##......#
#. #. ##......<##
....##.##..<......#
........r@..........#
...####F#.(........
#@##.......#.
.......y.........##
......##.....$....
...... .)...####
..... ........ ####
.####..# #.


You could see Psyche, a spiny frog, a killer bee and a rat.

Vanquished Creatures
  Edmund (D:6)
  An ogre (D:5)
  A centaur (D:4)
  3 killer bees (D:7)
  A scorpion (D:7)
  A crimson imp (D:6)
  A centaur zombie (Ossuary)
  2 jellies
  A human zombie (Ossuary)
  A worker ant (D:6)
  3 orc priests
  2 orc wizards (D:6)
  An iguana (D:5)
  2 mummies (Ossuary)
  5 adders
  A shadow imp (D:5)
  3 adder zombies (Ossuary)
  An ooze (D:2)
  14 orcs
  6 bats
  3 giant cockroaches
  8 goblins
  6 hobgoblins
  12 jackals
  7 kobolds
  2 quokkas
  4 giant geckos
  2 giant newts
  A goblin zombie (Ossuary)
  9 hobgoblin zombies (Ossuary)
  12 kobold zombies (Ossuary)
  4 orc zombies (Ossuary)
  8 rats
  A rat zombie (Ossuary)
130 creatures vanquished.

Notes
Turn   | Place    | Note
--------------------------------------------------------------
     0 | D:1      | DeepestElf, the Deep Elf Ice Elementalist, began the quest for the Orb.
     0 | D:1      | Reached XP level 1. HP: 10/10 MP: 5/5
   112 | D:1      | Reached XP level 2. HP: 6/15 MP: 4/8
   113 | D:1      | Reached skill level 4 in Spellcasting
   124 | D:1      | Learned a level 2 spell: Throw Frost
   430 | D:2      | Reached XP level 3. HP: 15/19 MP: 9/12
   540 | D:2      | Found a burning altar of Makhleb.
   896 | D:4      | Noticed a slave
   993 | D:4      | Found a staircase to the Ecumenical Temple.
  1018 | Temple   | Entered the Ecumenical Temple
  1022 | Temple   | Became a worshipper of Vehumet
  1119 | D:5      | Entered Level 5 of the Dungeon
  1124 | D:5      | Reached XP level 4. HP: 20/24 MP: 15/15
  1139 | D:4      | Noticed a centaur
  1142 | D:4      | Killed a centaur
  1142 | D:4      | Reached XP level 5. HP: 22/28 MP: 14/18
  1148 | D:4      | Learned a level 4 spell: Throw Icicle
  1349 | D:5      | Reached skill level 1 in Short Blades
  1430 | D:5      | Got a shimmering ring mail
  1486 | D:5      | Acquired Vehumet's first power
  1486 | D:5      | Offered knowledge of Sandblast by Vehumet.
  1486 | D:5      | Reached XP level 6. HP: 32/32 MP: 18/20
  1507 | D:5      | Noticed an ogre
  1513 | D:5      | Killed an ogre
  1513 | D:5      | Reached skill level 5 in Ice Magic
  1608 | D:6      | Noticed Edmund
  1617 | D:6      | Killed Edmund
  1617 | D:6      | Reached skill level 5 in Conjurations
  1675 | D:6      | Reached XP level 7. HP: 11/36 MP: 3/21
  1745 | D:6      | Identified the +4 ring mail of Makhleb's Condemnation {rC+ Stlth+} (You found it on level 5 of the Dungeon)
  2103 | D:6      | Found a sand-covered staircase.
  2107 | Ossuary  | Entered an ossuary
  2123 | Ossuary  | Offered knowledge of Shock by Vehumet.
  2297 | Ossuary  | Offered knowledge of Static Discharge by Vehumet.
  2314 | Ossuary  | Acquired Vehumet's second power
  2557 | D:7      | Reached skill level 6 in Ice Magic
  2599 | D:7      | Learned a level 3 spell: Static Discharge
  2644 | D:7      | Offered knowledge of Olgreb's Toxic Radiance by Vehumet.
  2698 | D:7      | Reached skill level 5 in Short Blades
  2707 | D:7      | Found a deep blue altar of Sif Muna.
  2736 | D:7      | Reached XP level 8. HP: 23/41 MP: 19/22
  2805 | D:8      | Noticed Psyche
  2809 | D:8      | Noticed a spiny frog
  2819 | D:8      | Slain by a spiny frog

Action                   |  1- 3 |  4- 6 |  7- 9 || total
-------------------------+-------+-------+-------++-------
Melee: Unarmed           |    11 |       |       ||    11
       Mace              |    11 |       |       ||    11
       Trident           |     5 |       |       ||     5
       Cutlass           |       |    33 |   156 ||   189
 Cast: Freeze            |    56 |    24 |    27 ||   107
       Throw Frost       |     4 |     9 |     6 ||    19
       Throw Icicle      |       |     8 |     7 ||    15
Evoke: Wand              |       |     3 |    11 ||    14
  Use: Scroll            |       |     4 |     1 ||     5
       Potion            |       |     2 |     1 ||     3
 Stab: Sleeping          |     1 |       |     2 ||     3
       Distracted        |     1 |       |       ||     1
  Eat: Chunk             |       |     4 |     1 ||     5
       Fruit             |       |       |     4 ||     4
